 Dungeon Crawl Stone Soup version 0.29.1-13-g9f3cf754e1 (webtiles) character file.

Game seed: 8134449335951339577

11397 Peloso the Carver (level 11, -14/99 HPs)
             Began as a Minotaur Fighter on Jan 21, 2023.
             Was a High Priest of Okawaru.
             Demolished by a minotaur
             ... wielding a +0 eveningstar
              (23 damage)
             ... in a Gauntlet.
             The game lasted 00:23:47 (8553 turns).

Peloso the Carver (Minotaur Fighter)                Turns: 8553, Time: 00:23:47

Health: -14/99     AC: 26    Str: 27    XL:     11   Next: 48%
Magic:  10/11      EV: 13    Int:  0    God:    Okawaru [*****.]
Gold:   509        SH: 15    Dex: 12    Spells: 10/10 levels left

rFire   . . .      SeeInvis +   a - +5 double sword of Ighicogy {vorpal, rF+ Str+4 Int-5 Stlth+}
rCold   + + .      Faith    .   d - +2 kite shield
rNeg    + . .      Spirit   .   G - +1 ice dragon scales "Calouh" {rF- rC++ Slay+2 SInv}
rPois   .          Reflect  .   B - +2 hat
rElec   .          Harm     .   M - +0 cloak
rCorr   .          Rampage  .   c - +2 pair of gloves
Will    +....      NoTele   +   j - +0 pair of boots
Stlth   ++........              f - amulet of regeneration
HPRegen 1.06/turn               m - ring of positive energy
MPRegen 0.12/turn               e - ring of willpower

@: heroic, slowed, lost intelligence, studying Short Blades, unable to read,
very slow
A: horns 2, retaliatory headbutt
a: Renounce Religion, Heroism, Finesse, Duel


You were in a Gauntlet.
You worshipped Okawaru.
Okawaru was extremely pleased with you.
You visited 2 branches of the dungeon, and saw 11 of its levels.
You also visited: Gauntlet.

You collected 509 gold pieces.

Inventory:

Hand Weapons
 a - the +5 double sword of Ighicogy (weapon) {vorpal, rF+ Str+4 Int-5 Stlth+}
   (You acquired it on level 11 of the Dungeon)

   It inflicts extra damage upon your enemies.
   Str:       It affects your strength (+4).
   Int:       It affects your intelligence (-5).
   rF:        It protects you from fire.
   Stlth:     It makes you more stealthy.
 b - a +4 scimitar of flaming
Missiles
 D - 4 throwing nets (quivered)
Armour
 c - a +2 pair of gloves (worn)
 d - a +2 kite shield (worn)
 j - a +0 pair of boots (worn)
 B - a +2 hat (worn)
 F - a +2 chain mail of poison resistance
 G - the +1 ice dragon scales "Calouh" (worn) {rF- rC++ Slay+2 SInv}
   (You found it in a Gauntlet)

   Slay:      It affects your accuracy & damage with ranged weapons and melee
   (+2).
   rF:        It makes you vulnerable to fire.
   rC:        It greatly protects you from cold.
   SInv:      It lets you see invisible.
 M - a +0 cloak (worn)
Jewellery
 e - a ring of willpower (right hand)
 f - an amulet of regeneration (around neck)
 g - a +6 ring of dexterity
 m - a ring of positive energy (left hand)
 n - a ring of poison resistance
 o - an amulet of the acrobat
 u - an amulet of reflection
 w - a +4 ring of evasion
 H - an amulet of guardian spirit
 K - a ring of see invisible
 L - an amulet of magic regeneration
Wands
 r - a wand of flame (36)
 s - a wand of polymorph (26)
 I - a wand of iceblast (6)
Scrolls
 h - 2 scrolls of blinking
 v - 3 scrolls of teleportation
 y - 4 scrolls of noise
 A - a scroll of amnesia
Potions
 i - a potion of lignification {unknown}
 k - 5 potions of berserk rage
 l - 2 potions of heal wounds
 p - 3 potions of curing
 q - 3 potions of flight
 t - 3 potions of brilliance
 x - a potion of haste
 z - 3 potions of invisibility
 C - a potion of mutation {unknown}
 E - 2 potions of resistance {unknown}
 J - 2 potions of magic {unknown}
 N - a potion of cancellation {unknown}


   Skills:
 + Level 9.8(14.8) Fighting
 + Level 13.0(18.0) Long Blades
 + Level 11.5(16.5) Armour
 + Level 4.6(9.6) Dodging
 + Level 0.5(5.5) Stealth
 + Level 9.7(14.7) Shields
 + Level 1.8 Invocations


You had 10 spell levels left.
You didn't know any spells.
Your spell library contained the following spells:

 Spells                   Type           Power      Damage    Failure   Level
 Beastly Appendage        Tmut           0%         N/A       95%         1
 Foxfire                  Conj/Fire      0%         2x1d4     95%         1
 Necrotise                Necr           0%         1d4       95%         1
 Sandblast                Erth           0%         2d4       95%         1
 Sting                    Tmut/Pois      0%         1d3       95%         1
 Blink                    Tloc           0%         N/A       98%         2
 Ensorcelled Hibernation  Hex/Ice        0%         N/A       98%         2
 Passwall                 Tmut/Erth      0%         N/A       98%         2
 Poisonous Vapours        Pois/Air       0%         N/A       98%         2
 Static Discharge         Conj/Air       0%         3-3/arc   98%         2
 Wereblood                Tmut           0%         N/A       98%         2
 Conjure Flame            Conj/Fire      0%         6-21      100%        3
 Ignite Poison            Fire/Tmut/Pois 0%         N/A       100%        3
 Inner Flame              Hex/Fire       0%         N/A       100%        3
 Mephitic Cloud           Conj/Pois/Air  0%         N/A       100%        3
 Spider Form              Tmut/Pois      0%         N/A       100%        3
 Stone Arrow              Conj/Erth      0%         3d7       100%        3
 Swiftness                Air            0%         N/A       100%        3
 Vampiric Draining        Necr           0%         2d6       100%        3
 Airstrike                Air            0%         2d(0-16)  100%        4
 Dispel Undead            Necr           0%         3d6       100%        4
 Flame Wave               Conj/Fire      0%         2d4       100%        4
 Olgreb's Toxic Radiance  Pois           0%         N/A       100%        4
 Sticky Flame             Conj/Fire      0%         2d3       100%        4
 Agony                    Necr           0%         N/A       100%        5
 Freezing Cloud           Conj/Ice/Air   0%         6-21      100%        5
 Lightning Bolt           Conj/Air       0%         1d11      100%        5
 Manifold Assault         Tloc           0%         N/A       100%        5
 Storm Form               Tmut/Air       0%         N/A       100%        7
 Summon Lightning Spire   Summ/Air       Unusable   N/A       N/A         4

Dungeon Overview and Level Annotations

Branches:
Dungeon (11/15)            Temple (1/1) D:5            Lair (0/5) D:9
    Orc (0/2) D:9         Gauntlet (1/1)

Altars:
Ashenzari
Cheibriados
Dithmenos
Fedhas
Gozag
Kikubaaqudgha
Makhleb
Nemelex Xobeh
Okawaru
Ru
Trog
Uskayaw
Vehumet
Wu Jian
Xom
Zin
The Shining One

Annotations:
D:8 3 runed translucent doors, Jushak's ghost, novice DrCj; Wanderer2's ghost, novice OpHW Gauntlet 8 transporters


Innate Abilities, Weirdness & Mutations

You have a pair of horns on your head.
You reflexively headbutt those who attack you in melee.


Message History

You block the minotaur's attack.
The minotaur gores you but does no damage.
You slash the minotaur!
The minotaur is moderately wounded.
You block the minotaur's attack. x2
Unknown command.
The minotaur blocks your attack. x2
The minotaur is moderately wounded.
You block the minotaur's attack. x2; The minotaur closely misses you.
The minotaur gores you but does no damage.
Unknown command.
The minotaur blocks your attack.
You headbutt the minotaur, but do no damage.
The minotaur is moderately wounded.
The minotaur hits you with a +0 eveningstar!!
The minotaur gores you but does no damage.
Unknown command.
You hit the minotaur. You headbutt the minotaur.
The minotaur is moderately wounded.
The minotaur hits you with a +0 eveningstar!!
* * * LOW HITPOINT WARNING * * *
The minotaur gores you but does no damage.
You slice the minotaur!!
The minotaur is severely wounded.
The minotaur hits you with a +0 eveningstar!
* * * LOW HITPOINT WARNING * * *
The minotaur gores you but does no damage.
Unknown command.
You hit the minotaur but do no damage.
The minotaur is severely wounded.
The minotaur hits you but does no damage.
You block the minotaur's attack.
Unknown command.
The minotaur blocks your attack.
The minotaur is severely wounded.
The minotaur hits you with a +0 eveningstar.
* * * LOW HITPOINT WARNING * * *
The minotaur closely misses you.
The minotaur hits you with a +0 eveningstar!!
You die...

#.^#.!##..#####
#..###.#..#≈8§#
.####.©#..#...## #####
#.###^.#..#.8... ....#
#.#J##$#..#...###.##.##
.##JJ.^#..#.8........8#
###J#.##..#...#.#.....
########..#...#.#.####
.........≈#.©.#.@H#
.........∩#...###.'.....
.........≈#.©.# .#8.8)8
########..#...# .# ####
.......#..#...#. ..
.......#..#.8... ..
#...#..#..#...## .##
..†....#..#.8... ..
.)©...§#..#...##


You could see a minotaur.

Vanquished Creatures
  A two-headed ogre (D:9)
  A fire crab (Gauntlet)
  Amaemon (D:8)
  A manticore (D:11)
  An orange demon (D:8)
  An efreet (Gauntlet)
  Sigmund (D:2)
  A shadow (D:9)
  18 yaks
  2 fire elementals (Gauntlet)
  5 fire bats (Gauntlet)
  5 steam dragons
  4 wargs (D:9)
  An acid dragon (D:8)
  2 water moccasins
  An ice beast (D:7)
  An orc warrior (D:8)
  2 sky beasts
  5 hell hounds (Gauntlet)
  A black bear (D:4)
  3 ogres
  The ghost of jaiteiro the Conjurer, an amateur GnCj (D:3)
  2 phantoms
  A kobold brigand (D:7)
  3 bullfrogs
  2 gnoll sergeants
  2 scorpions
  2 wights (D:7)
  9 killer bees
  5 howler monkeys
  3 hounds
  A jelly (D:6)
  3 gnoll boudas
  3 orc priests
  Natasha (thrice) (D:2)
  Terence (D:3)
  4 iguanas
  2 orc wizards
  2 hell rats (D:7)
  3 adders
  22 gnolls
  8 river rats (D:7)
  3 white imps
  An ufetubus (D:4)
  3 worms
  A dart slug (D:1)
  17 orcs
  9 bats
  2 endoplasms
  A giant cockroach (D:4)
  6 goblins
  3 hobgoblins
  10 jackals
  9 quokkas
  7 ball pythons
  4 frilled lizards
  19 kobolds
  19 rats
254 creatures vanquished.

Vanquished Creatures (others)
  An orc wizard (D:8)
  40 demonic plants (Gauntlet)
  6 plants (D:3)
47 creatures vanquished.

Grand Total: 301 creatures vanquished

Notes
Turn   | Place    | Note
-------+----------+-------------------------------------------
     0 | D:1      | Peloso the Minotaur Fighter began the quest for the Orb.
     0 | D:1      | Reached XP level 1. HP: 19/19 MP: 0/0
   311 | D:1      | Reached XP level 2. HP: 26/27 MP: 1/1
   938 | D:1      | Found a faded altar of an unknown god.
  1078 | D:2      | Noticed Natasha
  1081 | D:2      | Noticed a crimson imp
  1083 | D:2      | Reached XP level 3. HP: 31/33 MP: 2/2
  1087 | D:2      | Killed Natasha
  1088 | D:2      | Reached skill level 3 in Long Blades
  1185 | D:2      | Noticed Sigmund
  1218 | D:3      | Reached XP level 4. HP: 37/40 MP: 3/3
  1226 | D:3      | Noticed Terence
  1240 | D:3      | Killed Terence
  1501 | D:3      | Noticed a gnoll sergeant
  1512 | D:3      | Noticed jaiteiro's ghost (amateur GnCj)
  1692 | D:3      | Found a large runed translucent door.
  1695 | D:3      | Found a large runed translucent door.
  1699 | D:3      | Found a shimmering altar of Xom.
  1732 | D:3      | Found a transporter.
  1733 | D:3      | Found a transporter.
  1917 | D:4      | Reached skill level 5 in Armour
  1977 | D:4      | Reached XP level 5. HP: 42/46 MP: 4/4
  2017 | D:4      | Reached skill level 4 in Long Blades
  2358 | D:4      | Noticed a black bear
  2363 | D:4      | Killed a black bear
  2364 | D:4      | Reached skill level 5 in Long Blades
  2364 | D:4      | Reached XP level 6. HP: 53/53 MP: 5/5
  2443 | D:4      | Found a glowing golden altar of the Shining One.
  2541 | D:5      | Entered Level 5 of the Dungeon
  2563 | D:5      | Found a staircase to the Ecumenical Temple.
  2594 | Temple   | Entered the Ecumenical Temple
  2603 | Temple   | Became a worshipper of Warmaster Okawaru
  2646 | D:5      | Reached skill level 6 in Long Blades
  2702 | D:5      | Reached skill level 5 in Fighting
  2702 | D:5      | Reached XP level 7. HP: 55/61 MP: 6/6
  2722 | D:5      | Reached * piety under Okawaru
  2723 | D:5      | Reached skill level 1 in Dodging
  2723 | D:5      | Reached skill level 5 in Shields
  2725 | D:5      | Found a radiant altar of Vehumet.
  2837 | D:4      | Reached skill level 7 in Long Blades
  3122 | D:5      | Found an ornate altar of the Wu Jian Council.
  3344 | D:6      | Reached XP level 8. HP: 70/70 MP: 7/7
  3412 | D:6      | Reached ** piety under Okawaru
  3551 | D:5      | Reached skill level 8 in Long Blades
  3614 | D:6      | Reached skill level 9 in Long Blades
  3720 | D:6      | Reached XP level 9. HP: 78/78 MP: 8/8
  4441 | D:7      | Found an ancient bone altar of Kikubaaqudgha.
  4441 | D:7      | Found a blossoming altar of Fedhas.
  4443 | D:7      | Found a hide-covered altar of Uskayaw.
  4501 | D:7      | Reached *** piety under Okawaru
  4804 | D:7      | Reached skill level 10 in Long Blades
  5530 | D:2      | Noticed Natasha
  5541 | D:2      | Killed Natasha
  5568 | D:2      | Killed Sigmund
  5692 | D:2      | Noticed Natasha
  5700 | D:2      | Killed Natasha
  6000 | D:3      | Killed jaiteiro's ghost
  6007 | D:3      | Reached skill level 11 in Long Blades
  6573 | D:8      | Reached **** piety under Okawaru
  6574 | D:8      | Reached XP level 10. HP: 75/88 MP: 9/9
  6709 | D:8      | Noticed Amaemon
  6709 | D:8      | Noticed an orange demon
  6753 | D:8      | Killed Amaemon
  6754 | D:8      | Reached skill level 1 in Invocations
  6759 | D:8      | Killed an orange demon
  6887 | D:8      | Found a runed translucent gate.
  6887 | D:8      | Found a runed translucent gate.
  6887 | D:8      | Found a runed translucent gate.
  6888 | D:8      | Noticed Jushak's ghost (novice DrCj)
  6889 | D:8      | Noticed Wanderer2's ghost (novice OpHW)
  7226 | D:9      | Found a staircase to the Orcish Mines.
  7260 | D:9      | Reached skill level 10 in Armour
  7273 | D:9      | Noticed a two-headed ogre
  7289 | D:9      | Killed a two-headed ogre
  7289 | D:9      | Reached ***** piety under Okawaru
  7290 | D:9      | Reached skill level 12 in Long Blades
  7356 | D:9      | Found a staircase to the Lair.
  7476 | D:9      | Reached XP level 11. HP: 90/97 MP: 8/11
  7903 | D:9      | You fall into a shaft and drop 2 floors!
  7906 | D:11     | Identified a scroll of acquirement
  7974 | D:11     | Found a gate leading to a gauntlet.
  7998 | Gauntlet | Entered a Gauntlet
  7998 | Gauntlet | Noticed a death scarab
  7998 | Gauntlet | Found a transporter.
  7998 | Gauntlet | Found a transporter.
  7998 | Gauntlet | Found a transporter.
  7999 | Gauntlet | Noticed a fire crab
  8014 | Gauntlet | Found a transporter.
  8020 | Gauntlet | Found a transporter.
  8021 | Gauntlet | Noticed a sixfirhy
  8028 | Gauntlet | Found a transporter.
  8030 | Gauntlet | Noticed a necromancer
  8038 | Gauntlet | Found a transporter.
  8039 | Gauntlet | Found a transporter.
  8055 | Gauntlet | Found a transporter.
  8055 | Gauntlet | Found a transporter.
  8058 | Gauntlet | Found a transporter.
  8104 | Gauntlet | Found a transporter.
  8224 | Gauntlet | Acquired the +5 double sword of Ighicogy {vorpal, rF+ Str+4
                  | Int-5 Stlth+}
  8229 | Gauntlet | Lost intelligence.
  8319 | Gauntlet | Killed a fire crab
  8319 | Gauntlet | Received a gift from Okawaru
  8388 | Gauntlet | Reached skill level 13 in Long Blades
  8406 | Gauntlet | Identified the +1 ice dragon scales "Calouh" {rF- rC++
                  | Slay+2 SInv}
  8537 | Gauntlet | Noticed a minotaur
  8539 | Gauntlet | Lost intelligence.
  8553 | Gauntlet | Demolished by a minotaur

Illustrated notes

Levels and vault maps discovered:
D:1:      roderic_crossed_star, layout_basic,
          shapermc_ecumenical_altar_mp_vishouse, minivault_19
D:2:      layout_basic, serial_bayou_pond_e, uniq_natasha, uniq_sigmund
D:3:      due_chaos_kobolds, layout_loops_ring, gammafunk_ghost_gnarly_gnolls,
          uniq_terence
D:4:      cheibrodos_old_hovel, layout_gridville, tso_altar
D:5:      layout_rooms, nicolae_wu_jian_wuxing_cycle,
          mainiacjoe_overflow_small_starburst, minmay_temple_entry_large_hall
D:6:      layout_cave_pools, minivault_5
D:7:      lemuel_ratsnest, layout_layer_cave, gammafunk_temple_overflow_claw,
          grunt_tough_drop
D:8:      layout_rooms, gammafunk_ghost_cemetery, uniq_amaemon
D:9:      layout_loops_ring, lair_entry_dummy, minmay_orc_entry_guard_dogs
D:11:     layout_basic, gauntlet_entry_generic
Temple:   nicolae_temple_ecumenical_triangle
Gauntlet: gammafunk_gauntlet_shortcut [nicolae_gauntlet_swirl,
          gammafunk_gauntlet_arena_hedges, gammafunk_gauntlet_arena_crates,
          gammafunk_gauntlet_arena_arrow_garden,
          nicolae_gauntlet_arena_flowing_pool, gammafunk_gauntlet_arena_mazey,
          nicolae_gauntlet_exit_dead_adventurers]

Skill      XL: |  1  2  3  4  5  6  7  8  9 10 11 |
---------------+----------------------------------+-----
Shields        | 4 5 6 7 8 9 |  9.7
Armour         | 4 5 6 7 9 10 11 | 11.5
Fighting       | 4 5 6 8 9 |  9.8
Long Blades    | 3 5 6 7 9 11 12 13 | 13.0
Dodging        | 1 2 3 4 |  4.6
Invocations    | 1 |  1.8
Stealth        | |  0.5

Action                   |  1- 3 |  4- 6 |  7- 9 | 10-12 || total
-------------------------+-------+-------+-------+-------++-------
Melee: Long sword        |    65 |   138 |   497 |   239 ||   939
       Headbutt          |    12 |    23 |    96 |    73 ||   204
       Double sword      |       |       |       |    50 ||    50
Invok: Heroism           |       |       |     9 |    12 ||    21
  Use: Scroll            |     2 |     3 |     7 |    10 ||    22
       Potion            |       |       |       |     2 ||     2
Armor: Scale mail        |    17 |       |       |       ||    17
       Plate armour      |    57 |     7 |       |       ||    64
       Chain mail        |       |   113 |   351 |   157 ||   621
       Ice dragon scales |       |       |       |     9 ||     9
Dodge: Dodged            |    39 |    68 |   209 |    90 ||   406
Block: Buckler           |    19 |    63 |   107 |       ||   189
       Kite shield       |       |       |    41 |   209 ||   250
